[Event "Titled Tuesday Blitz November 07 Late 2023"]
[White "katharinareinecke"]
[Black "Bochnicka, Vladimir"]
[BlackFideId "14943450"]
[WhiteElo "1935"]
[BlackElo "2409"]
[Result "0-1"]
[Round "2"]
[TimeControl "180+1"]
[Date "2023.11.07"]
[WhiteClock "0:00:24"]
[BlackClock "0:01:35"]
[Board "173"]

1. d4 Nf6 2. c4 g6 3. Nf3 Bg7 4. g3 O-O 5. Bg2 d6 6. O-O Nc6 7. Nc3 a6 8. e4 e5 9. d5 Ne7 10. Be3 h6 11. b4 Ng4 12. c5 Nxe3 13. fxe3 f5 14. exf5 Nxf5 15. e4 Ne3 16. Qe2 Nxf1 17. Rxf1 h5 18. Nh4 Rxf1+ 19. Qxf1 Qf6 20. Qxf6 Bxf6 21. Nxg6 Kg7 22. Nh4 Bxh4 23. gxh4 a5 24. cxd6 axb4 25. Nb5 cxd6 26. Nxd6 Rxa2 27. Nxc8 b3 28. d6 b2 29. d7 b1=Q+ 30. Bf1 Qc2 0-1


[Site "https://www.chess.com"]

[Event "Titled Tuesday Blitz November 07 Late 2023"]
[White "Olenik Campa, Rudi"]
[Black "Burke, Paul"]
[WhiteFideId "14633264"]
[BlackFideId "2605767"]
[WhiteElo "2408"]
[BlackElo "1880"]
[Result "1-0"]
[Round "2"]
[TimeControl "180+1"]
[Date "2023.11.07"]
[WhiteClock "0:00:10"]
[BlackClock "0:00:49"]
[Board "174"]

1. e4 e5 2. Nf3 Nc6 3. Bb5 f5 4. d3 Nf6 5. Nc3 Be7 6. O-O O-O 7. Re1 d6 8. d4 fxe4 9. Nxe4 Bg4 10. Bxc6 bxc6 11. h3 Bh5 12. Ng3 Bxf3 13. Qxf3 exd4 14. Nf5 Nd5 15. Qg4 Bf6 16. Nxd4 Bxd4 17. Qxd4 Qf6 18. Qxf6 Nxf6 19. b3 Rfe8 20. Bb2 Rxe1+ 21. Rxe1 Re8 22. Rxe8+ Nxe8 23. Kf1 Kf7 24. Ke2 Ke6 25. Ke3 Kd5 26. a3 a6 27. c4+ Ke6 28. f4 Nf6 29. g4 g6 30. Bxf6 Kxf6 31. b4 h6 32. Kd4 Ke6 33. a4 Kf6 34. b5 cxb5 35. cxb5 a5 36. Kd5 Ke7 37. h4 Kf6 38. Kc6 g5 39. fxg5+ hxg5 40. hxg5+ Kxg5 41. Kxc7 d5 42. b6 d4 43. b7 d3 44. b8=Q d2 45. Qd8+ 1-0


[Site "https://www.chess.com"]

[Event "Titled Tuesday Blitz November 07 Late 2023"]
[White "Lutz, Igor Oscar"]
[Black "FuenfgegenWilly"]
[WhiteFideId "2110806"]
[WhiteElo "1856"]
[BlackElo "2406"]
[Result "0-1"]
[Round "2"]
[TimeControl "180+1"]
[Date "2023.11.07"]
[WhiteClock "0:01:39"]
[BlackClock "0:02:28"]
[Board "175"]

1. d4 Na6 2. c4 c6 3. Nc3 Nc7 4. e4 d5 5. Nf3 dxe4 6. Nxe4 Nf6 7. Ng3 Bg4 8. Be2 e6 9. Bg5 Be7 10. Ne5 Bxe2 11. Nxe2 Ne4 12. Bxe7 Qxe7 13. O-O f6 14. Nf3 O-O 15. Qc2 Nd6 16. Nf4 e5 17. dxe5 fxe5 18. Rfe1 Rxf4 19. Rxe5 Qf8 20. Rae1 Re8 21. c5 Rxe5 22. Nxe5 Nf7 23. g3 Nxe5 24. gxf4 Nf3+ 25. Kf1 Nxe1 26. Kxe1 Nd5 27. Qc4 Qe7+ 28. Kd2 Qf6 0-1


[Site "https://www.chess.com"]

[Event "Titled Tuesday Blitz November 07 Late 2023"]
[White "Carlsen, Magnus"]
[Black "Bordi, Kevin"]
[WhiteFideId "1503014"]
[BlackFideId "621862"]
[WhiteElo "3268"]
[BlackElo "2793"]
[Result "1-0"]
[Round "3"]
[TimeControl "180+1"]
[Date "2023.11.07"]
[WhiteClock "0:00:43"]
[BlackClock "0:00:10"]
[Board "1"]

1. e4 d5 2. exd5 Qxd5 3. Nc3 Qa5 4. d4 Nf6 5. Nf3 c6 6. Bc4 Bf5 7. Ne5 e6 8. g4 Bg6 9. h4 Nbd7 10. Nxd7 Nxd7 11. h5 Be4 12. O-O Bd5 13. Nxd5 cxd5 14. Bd3 Bd6 15. Qf3 Qd8 16. Kg2 g6 17. Rh1 g5 18. c4 dxc4 19. Bxc4 Qc7 20. Bb3 Bf4 21. Bxf4 Qxf4 22. Qxf4 gxf4 23. Kf3 Ke7 24. Rac1 Rac8 25. Kxf4 Kd6 26. h6 Rxc1 27. Rxc1 Nf8 28. Bc2 f6 29. Be4 Rg8 30. Bxb7 Ng6+ 31. Ke3 Ne7 32. Bf3 f5 33. gxf5 Nxf5+ 34. Kd3 Nxh6 35. Rc6+ Kd7 36. Ra6 Rf8 37. Rxa7+ Kd6 38. Ra6+ Ke7 39. Ke4 Nf7 40. Ke3 Nd6 41. Ra7+ Kf6 42. Rxh7 Nc4+ 43. Ke2 Nxb2 44. Rh6+ Ke7 45. Bg4 Rf4 46. Rxe6+ Kf7 47. Rb6 Rxg4 48. Rxb2 Rxd4 49. Rb7+ Ke6 50. Ra7 Ke5 51. a4 Ke4 52. a5 Ra4 53. f3+ Kf4 54. a6 Ra2+ 55. Kd3 Kxf3 56. Ra8 Ra3+ 57. Kc4 Ke2 58. a7 Kd2 59. Rd8+ Kc2 60. a8=Q 1-0


[Site "https://www.chess.com"]

[Event "Titled Tuesday Blitz November 07 Late 2023"]
[White "Troff, Kayden"]
[Black "Jacobson, Brandon"]
[WhiteFideId "2047896"]
[BlackFideId "30901561"]
[WhiteElo "2789"]
[BlackElo "3130"]
[Result "1-0"]
[Round "3"]
[TimeControl "180+1"]
[Date "2023.11.07"]
[WhiteClock "0:00:13"]
[BlackClock "0:00:05"]
[Board "2"]

1. d4 Nf6 2. Nf3 g6 3. Bg5 Bg7 4. Nc3 d5 5. Bxf6 exf6 6. g3 O-O 7. Bg2 f5 8. e3 c6 9. O-O Nd7 10. Ne2 Re8 11. Rc1 Nf6 12. h4 Ne4 13. Nf4 Bf8 14. c4 dxc4 15. Rxc4 Bd6 16. b3 Bxf4 17. gxf4 Be6 18. Rc1 Bd5 19. Ng5 h6 20. Nxe4 Bxe4 21. Bxe4 Rxe4 22. Kg2 Kg7 23. Rh1 a5 24. Qf3 a4 25. b4 a3 26. h5 Qd5 27. hxg6 fxg6 28. Rc5 Qxa2 29. Qh3 h5 30. Qg3 Qe6 31. d5 Qf6 32. dxc6 bxc6 33. b5 a2 34. Rxc6 Re6 35. Rc7+ Kh8 36. Qf3 a1=Q 37. Rxa1 Qxa1 38. Qb7 Rf8 39. Rd7 Kg8 40. Qd5 Qf6 41. b6 Rf7 42. b7 Re8 43. Rd6 Qg7 44. Qc6 Ref8 45. Rxg6 Rxb7 46. Rxg7+ Rxg7+ 47. Kh3 Kh7 48. Qe6 Rg6 49. Qe7+ Kg8 50. Qe5 Rf7 51. Kh4 Rg4+ 52. Kh3 h4 53. Qe8+ Kg7 54. Qe5+ Kh7 55. Qe6 Kg7 56. Qe5+ Kg8 57. e4 Rg1 58. Qe8+ Kg7 59. e5 Rg4 60. e6 Rf6 61. Qe7+ Kg6 62. Qe8+ Kg7 63. e7 Re6 64. Qd8 Kf7 65. Qf8+ Kg6 66. e8=Q+ Rxe8 67. Qxe8+ Kf6 68. Qf8+ Kg6 69. Qe8+ Kf6 70. Qe5+ Kg6 71. Qe6+ Kh7 72. Qxf5+ Rg6 73. Kxh4 Kg7 74. Qd7+ Kh8 75. Kh5 Rf6 76. Qd4 Kg7 77. Kg5 1-0


[Site "https://www.chess.com"]

[Event "Titled Tuesday Blitz November 07 Late 2023"]
[White "Nihal Sarin"]
[Black "Mekhitarian, Krikor Sevag"]
[WhiteFideId "25092340"]
[BlackFideId "2107660"]
[WhiteElo "3102"]
[BlackElo "2773"]
[Result "1-0"]
[Round "3"]
[TimeControl "180+1"]
[Date "2023.11.07"]
[WhiteClock "0:00:43"]
[BlackClock "0:00:00"]
[Board "3"]

1. c4 c5 2. Nf3 Nc6 3. d4 cxd4 4. Nxd4 Nf6 5. g3 e5 6. Nb5 Bb4+ 7. Bd2 a6 8. Bxb4 axb5 9. Bd6 bxc4 10. Bg2 Qa5+ 11. Nc3 Ra6 12. O-O Nd4 13. Ba3 d6 14. e3 Nf5 15. g4 Nh4 16. g5 Nxg2 17. gxf6 Nh4 18. Ne4 gxf6 19. Nxd6+ Rxd6 20. Qxd6 Rg8+ 21. Kh1 Nf5 22. Qxf6 Bd7 23. Rad1 Bc6+ 24. f3 e4 25. Rg1 Rxg1+ 26. Kxg1 1-0


[Site "https://www.chess.com"]

[Event "Titled Tuesday Blitz November 07 Late 2023"]
[White "Krzyzanowski, Marcin"]
[Black "Duda, Jan-Krzysztof"]
[WhiteFideId "1132199"]
[BlackFideId "1170546"]
[WhiteElo "2759"]
[BlackElo "3082"]
[Result "0-1"]
[Round "3"]
[TimeControl "180+1"]
[Date "2023.11.07"]
[WhiteClock "0:00:01"]
[BlackClock "0:00:06"]
[Board "4"]

1. e4 e6 2. d4 d5 3. Nc3 Bb4 4. exd5 exd5 5. Bd3 Ne7 6. Qh5 Nbc6 7. Nf3 Be6 8. O-O Qd7 9. a3 Bxc3 10. bxc3 Bg4 11. Qh4 Bxf3 12. gxf3 O-O-O 13. Re1 Nf5 14. Qg4 g6 15. Bg5 Rde8 16. Bf6 Rhg8 17. Kf1 Nd6 18. Qh4 h5 19. Qg3 Re6 20. Rxe6 fxe6 21. Re1 Qf7 22. Bg5 Kd7 23. h4 a6 24. Kg2 Ne7 25. Qe5 Nc6 26. Qg3 Nf5 27. Qf4 Re8 28. a4 Kc8 29. c4 dxc4 30. Bxc4 Ncxd4 31. c3 Nc6 32. Qe4 Kd7 33. Bf4 Nxh4+ 34. Kf1 Nf5 35. Rb1 Rb8 36. Rd1+ Nd6 37. Bxd6 cxd6 38. Qd3 Qe7 39. Re1 d5 40. Bxd5 Qd6 41. Bxe6+ Kc7 42. Qxg6 Rf8 43. Qg7+ Kb8 44. Bc4 Rxf3 45. Qg8+ Ka7 46. Qd5 Qf6 47. Qc5+ Ka8 48. Re8+ Nb8 49. Qd4 Qxd4 50. cxd4 Rf4 51. Bd5 Rxd4 52. Bf3 Rxa4 53. Re7 Rb4 54. Bxh5 a5 55. Bf7 a4 56. Re3 Nc6 57. Bd5 Nd4 58. f4 Nf5 59. Rf3 Ka7 60. Be6 Nd4 61. Rf2 Nxe6 62. f5 Ng5 63. f6 Nf7 64. Kg2 Rb6 65. Ra2 Ra6 66. Rxa4 Rxa4 0-1


[Site "https://www.chess.com"]

[Event "Titled Tuesday Blitz November 07 Late 2023"]
[White "Le, Quang Liem"]
[Black "Korchmar, Vasiliy"]
[WhiteFideId "12401137"]
[BlackFideId "24131750"]
[WhiteElo "3077"]
[BlackElo "2751"]
[Result "1-0"]
[Round "3"]
[TimeControl "180+1"]
[Date "2023.11.07"]
[WhiteClock "0:02:08"]
[BlackClock "0:00:19"]
[Board "5"]

1. Nf3 d5 2. e3 Nf6 3. c4 e6 4. Nc3 Bd6 5. b3 O-O 6. Bb2 c5 7. Rc1 Nc6 8. cxd5 exd5 9. Bb5 Bd7 10. O-O a6 11. Bxc6 Bxc6 12. d4 c4 13. Ne5 Rc8 14. bxc4 dxc4 15. Nxc6 Rxc6 16. e4 Bf4 17. Rc2 b5 18. Qf3 Qxd4 19. Nd5 c3 20. Ne7+ Kh8 21. Nxc6 Qxe4 22. Rxc3 1-0


[Site "https://www.chess.com"]

[Event "Titled Tuesday Blitz November 07 Late 2023"]
[White "Hambleton, Aman"]
[Black "Hakobyan, Aram"]
[WhiteFideId "2606577"]
[BlackFideId "13306677"]
[WhiteElo "2746"]
[BlackElo "3066"]
[Result "1-0"]
[Round "3"]
[TimeControl "180+1"]
[Date "2023.11.07"]
[WhiteClock "0:00:05"]
[BlackClock "0:00:00"]
[Board "6"]

1. d4 g6 2. Bf4 Bg7 3. e3 d6 4. h3 e5 5. Bh2 exd4 6. exd4 Nf6 7. Nf3 O-O 8. Be2 b6 9. O-O Bb7 10. c3 Nc6 11. Nbd2 Re8 12. Bd3 Ne7 13. Re1 Bh6 14. a4 a6 15. Qb3 Qd7 16. c4 Nf5 17. Qc2 Bxd2 18. Bxf5 Qxf5 19. Qxf5 gxf5 20. Nxd2 Ne4 21. Nf1 Bc6 22. Ne3 Nd2 23. Nxf5 Bd7 24. Ne3 Nb3 25. Rad1 Bxa4 26. Bf4 Bc6 27. Nf5 Rxe1+ 28. Rxe1 Re8 29. Re3 Rxe3 30. Bxe3 Bd7 31. Ng3 Na5 32. c5 bxc5 33. dxc5 d5 34. Ne2 Nc4 35. b3 Na5 36. b4 Nc6 37. Bd2 Bf5 38. Bc3 Bd3 39. Nd4 Ne5 40. f3 Bc4 41. Kf2 Nd3+ 42. Ke3 Kf8 43. Nf5 Nc1 44. g4 Nb3 45. Nd4 Nxd4 46. Bxd4 Ke7 47. f4 c6 48. f5 Bf1 49. h4 Bh3 50. Kf4 f6 51. Kg3 Bf1 52. g5 fxg5 53. hxg5 Bd3 54. Kf4 Bc2 55. Ke5 Bd3 56. Be3 Bc2 57. Bf2 Bb1 58. Be1 Bc2 59. Bh4 Kd7 60. Bf2 Ke7 61. Be1 Bb1 62. Bh4 Kd7 63. Kf6 d4 64. Bf2 d3 65. Be3 Ba2 66. Kg7 Bb1 67. f6 1-0


[Site "https://www.chess.com"]

[Event "Titled Tuesday Blitz November 07 Late 2023"]
[White "Pranav, V"]
[Black "Rosen, Eric"]
[WhiteFideId "25060783"]
[BlackFideId "2032562"]
[WhiteElo "3065"]
[BlackElo "2744"]
[Result "1-0"]
[Round "3"]
[TimeControl "180+1"]
[Date "2023.11.07"]
[WhiteClock "0:00:29"]
[BlackClock "0:00:01"]
[Board "7"]

1. e4 c5 2. Nf3 e6 3. d4 cxd4 4. Nxd4 Nc6 5. Nc3 Qc7 6. Be3 a6 7. Qf3 Nf6 8. Qg3 Ne5 9. O-O-O b5 10. Bf4 d6 11. Ndxb5 axb5 12. Nxb5 Qb8 13. Bxe5 dxe5 14. Qc3 Be7 15. Nc7+ Kf8 16. Nxa8 Qxa8 17. f3 g6 18. Bc4 Qb8 19. Rhe1 Kg7 20. a3 Bb7 21. g4 Rc8 22. Qb3 Qc7 23. Bb5 Bc5 24. Kb1 Qb6 25. Rd3 Bd4 26. Red1 Rb8 27. a4 Qc7 28. g5 Nh5 29. c3 Bc5 30. Rd7 Qb6 31. a5 Qxa5 32. Qxe6 Rf8 33. Rxb7 Qxb5 34. Qxe5+ Kg8 35. Rxb5 Bf2 36. Rb8 Ng7 37. Rxf8+ Kxf8 38. Rd8+ Ne8 39. Rxe8# 1-0


[Site "https://www.chess.com"]

[Event "Titled Tuesday Blitz November 07 Late 2023"]
[White "Tristan, Leonardo"]
[Black "Firouzja, Alireza"]
[WhiteFideId "113816"]
[BlackFideId "12573981"]
[WhiteElo "2743"]
[BlackElo "3063"]
[Result "0-1"]
[Round "3"]
[TimeControl "180+1"]
[Date "2023.11.07"]
[WhiteClock "0:01:58"]
[BlackClock "0:02:43"]
[Board "8"]

1. d4 d6 2. e4 Nf6 3. Nc3 e5 4. Nf3 Nbd7 5. Bc4 Be7 6. O-O c6 7. a4 h6 8. Re1 Qc7 9. Ba2 Nf8 10. d5 Ng6 11. Nd2 O-O 12. Nc4 Bg4 13. f3 Bd7 14. a5 cxd5 15. Nxd5 Nxd5 16. Qxd5 Be6 17. Qd3 Rfc8 18. Ne3 Qxa5 19. Bd2 Qb6 20. Ba5 Qxb2 21. Bxe6 fxe6 22. Reb1 Qd4 23. Qb3 Bg5 24. Re1 Bxe3+ 25. Rxe3 Qxa1+ 0-1


[Site "https://www.chess.com"]

[Event "Titled Tuesday Blitz November 07 Late 2023"]
[White "Paravyan, David"]
[Black "Rastbod, Ali"]
[WhiteFideId "4194985"]
[BlackFideId "12567477"]
[WhiteElo "3047"]
[BlackElo "2734"]
[Result "1-0"]
[Round "3"]
[TimeControl "180+1"]
[Date "2023.11.07"]
[WhiteClock "0:01:33"]
[BlackClock "0:00:00"]
[Board "9"]

1. e4 d6 2. d4 Nf6 3. Nc3 g6 4. Nf3 Bg7 5. Be2 O-O 6. O-O a6 7. a4 e6 8. Bf4 Nc6 9. h3 b6 10. e5 dxe5 11. Nxe5 Nxd4 12. Bf3 Nxf3+ 13. Qxf3 Nd5 14. Nc6 Qd7 15. Nxd5 exd5 16. Qxd5 Qxd5 17. Ne7+ Kh8 18. Nxd5 Bb7 19. Rad1 Rac8 20. b3 b5 21. axb5 axb5 22. Nxc7 b4 23. Bd6 Rg8 24. Rfe1 Bf6 25. Be7 Bc3 26. Nb5 Kg7 27. Nxc3 Rxc3 28. Rd6 Rxc2 29. Bf6+ Kh6 30. Re7 Bc8 31. Rxf7 Bf5 32. f4 Re8 33. Bg5+ 1-0


[Site "https://www.chess.com"]

[Event "Titled Tuesday Blitz November 07 Late 2023"]
[White "GaiozNigalidze"]
[Black "Martinez Alcantara, Jose Eduardo"]
[BlackFideId "3805662"]
[WhiteElo "2727"]
[BlackElo "3041"]
[Result "0-1"]
[Round "3"]
[TimeControl "180+1"]
[Date "2023.11.07"]
[WhiteClock "0:00:40"]
[BlackClock "0:01:59"]
[Board "10"]

1. d4 Nf6 2. Nf3 e6 3. g3 b5 4. Bg2 Bb7 5. O-O Be7 6. c3 a5 7. a4 b4 8. Bg5 Na6 9. Nbd2 d5 10. Ne5 c5 11. e3 O-O 12. h4 Rc8 13. Rc1 Nd7 14. Bxe7 Qxe7 15. Nec4 bxc3 16. bxc3 cxd4 17. cxd4 Nb4 18. Nxa5 Rxc1 19. Qxc1 Ba6 20. Rd1 Be2 21. Re1 Nd3 22. Qa1 Nxe1 23. Qxe1 Ra8 24. Nc6 Qd6 25. Ne5 Nxe5 26. dxe5 Qa6 27. Nb1 Bd3 28. Nc3 Rc8 0-1


[Site "https://www.chess.com"]

[Event "Titled Tuesday Blitz November 07 Late 2023"]
[White "Martinez Ramirez, Lennis"]
[Black "Bortnyk, Olexandr"]
[WhiteFideId "3509079"]
[BlackFideId "14120828"]
[WhiteElo "2722"]
[BlackElo "3031"]
[Result "0-1"]
[Round "3"]
[TimeControl "180+1"]
[Date "2023.11.07"]
[WhiteClock "0:00:08"]
[BlackClock "0:00:23"]
[Board "11"]

1. e4 Nf6 2. e5 Nd5 3. Nf3 d6 4. d4 dxe5 5. Nxe5 c6 6. Nd2 Nd7 7. Nef3 N7f6 8. h3 Bf5 9. c3 e6 10. Nh4 Bg6 11. Nxg6 hxg6 12. a4 Bd6 13. Nc4 O-O 14. Nxd6 Qxd6 15. Be2 e5 16. O-O Rfe8 17. dxe5 Qxe5 18. Bf3 Rad8 19. Qb3 b6 20. Qc4 Re6 21. a5 g5 22. axb6 axb6 23. Ra7 Qf5 24. Rd1 Rde8 25. Bd2 Ne4 26. Bc1 Nexc3 27. bxc3 Re1+ 28. Rxe1 Rxe1+ 29. Kh2 Qe5+ 30. g3 Rxc1 31. Qxc6 Qe1 32. Qc8+ Kh7 33. Qf5+ Kh6 34. h4 Qxf2+ 35. Kh3 Rh1+ 36. Kg4 Ne3# 0-1


[Site "https://www.chess.com"]

[Event "Titled Tuesday Blitz November 07 Late 2023"]
[White "Ibarra Jerez, Jose Carlos"]
[Black "MKlose11"]
[WhiteFideId "2226332"]
[WhiteElo "3007"]
[BlackElo "2720"]
[Result "1-0"]
[Round "3"]
[TimeControl "180+1"]
[Date "2023.11.07"]
[WhiteClock "0:00:25"]
[BlackClock "0:00:10"]
[Board "12"]

1. e4 e6 2. d4 d5 3. Nc3 Bb4 4. Ne2 dxe4 5. a3 Bxc3+ 6. Nxc3 Nc6 7. d5 exd5 8. Qxd5 Be6 9. Qxe4 Nf6 10. Qh4 Qd4 11. Bg5 Qxh4 12. Bxh4 O-O-O 13. Bd3 Ne5 14. Bxf6 Nxd3+ 15. cxd3 gxf6 16. O-O-O Bd5 17. Rhg1 Rhg8 18. g3 Bf3 19. Rd2 Rge8 20. Kc2 Re5 21. d4 Re6 22. Rd3 Bg4 23. Kc1 a6 24. d5 Re5 25. Rd4 Bf5 26. Rf4 Rd6 27. Rd1 Bg6 28. f3 Re3 29. Ne4 Rb6 30. Nc3 h5 31. h4 Kd7 32. g4 Ke8 33. d6 Rxd6 34. Rxd6 cxd6 35. gxh5 Bxh5 36. Nd5 Rxf3 37. Nxf6+ Ke7 38. Nxh5 Rh3 39. Ng7 Rh2 40. Re4+ Kf6 41. Ne8+ Kf5 42. Nxd6+ Kf6 43. Nxb7 Kf5 44. Nd6+ Kf6 45. Ra4 Ke6 46. Nxf7 Kxf7 47. Rxa6 Rxh4 48. Rd6 Ke7 49. Rd3 Ke6 50. Kc2 Ke7 51. Kc3 Rh2 52. b4 Rh1 53. a4 Ra1 54. a5 Rb1 55. Kc4 Rc1+ 56. Kb5 Rb1 57. a6 Rd1 58. Rxd1 1-0


[Site "https://www.chess.com"]

[Event "Titled Tuesday Blitz November 07 Late 2023"]
[White "FrenchHarvey"]
[Black "Oparin, Grigoriy"]
[BlackFideId "24125890"]
[WhiteElo "2718"]
[BlackElo "3003"]
[Result "0-1"]
[Round "3"]
[TimeControl "180+1"]
[Date "2023.11.07"]
[WhiteClock "0:00:05"]
[BlackClock "0:00:48"]
[Board "13"]

1. e4 c6 2. Nc3 d5 3. Nf3 Bg4 4. h3 Bxf3 5. Qxf3 e6 6. Be2 Nf6 7. O-O d4 8. Nb1 e5 9. d3 c5 10. Qg3 Nc6 11. f4 Nd7 12. Bg4 f6 13. Na3 Qe7 14. Nc4 b5 15. Na3 a6 16. Bd2 O-O-O 17. c4 dxc3 18. bxc3 Kb7 19. Rab1 Nb6 20. Nxb5 axb5 21. Rxb5 Na7 22. Rb2 Rd6 23. Rfb1 h5 24. d4 hxg4 25. dxc5 Rc6 26. Rxb6+ Rxb6 27. Rxb6+ Ka8 28. Be3 gxh3 29. c6 Qd6 30. gxh3 exf4 31. Bxf4 Qd1+ 32. Kg2 Qe2+ 33. Kh1 Qf1+ 34. Kh2 Bc5 35. Rb2 Rxh3+ 0-1


[Site "https://www.chess.com"]

[Event "Titled Tuesday Blitz November 07 Late 2023"]
[White "Deac, Bogdan-Daniel"]
[Black "Hasangatin, Ramil"]
[WhiteFideId "1226380"]
[BlackFideId "4122160"]
[WhiteElo "2979"]
[BlackElo "2701"]
[Result "1-0"]
[Round "3"]
[TimeControl "180+1"]
[Date "2023.11.07"]
[WhiteClock "0:00:04"]
[BlackClock "0:00:00"]
[Board "14"]

1. e4 d5 2. exd5 Qxd5 3. Nc3 Qd6 4. d4 Nf6 5. Nf3 c6 6. Ne5 Nbd7 7. Nc4 Qc7 8. Qf3 Nb6 9. h3 g6 10. Bf4 Qd8 11. Rd1 Bg7 12. Ne5 O-O 13. Be2 Nbd5 14. Bd2 Nxc3 15. Bxc3 Qd5 16. Qxd5 Nxd5 17. Bd2 Bf5 18. c4 Nb6 19. b3 Nd7 20. f4 Nxe5 21. dxe5 Bc2 22. Rc1 Be4 23. O-O Rfd8 24. Be3 Bd3 25. Bxd3 Rxd3 26. Kf2 b6 27. Rfd1 Rad8 28. Rxd3 Rxd3 29. Ke2 Rd7 30. a4 f6 31. c5 bxc5 32. Rxc5 fxe5 33. fxe5 Kf7 34. b4 Rb7 35. Bd2 Ke6 36. Bc3 Rb6 37. a5 Rb7 38. Rxc6+ Kd5 39. Rc5+ Ke4 40. g4 g5 41. a6 Rb6 42. b5 Re6 43. Rc7 Bxe5 44. Bxe5 Rxe5 45. Rxa7 Rxb5 46. Rxe7+ Kf4 47. Rxh7 Ra5 48. a7 Ra3 49. Kd2 Ke4 50. Kc2 Kd4 51. Rg7 Kc4 52. Rxg5 Ra2+ 53. Kd1 Rxa7 54. Rh5 Kd4 55. Ke2 Ke4 56. Kf2 Ra3 57. Kg2 Kf4 58. Rf5+ Ke4 59. Rf2 Ra1 60. Rf3 1-0


[Site "https://www.chess.com"]

[Event "Titled Tuesday Blitz November 07 Late 2023"]
[White "Annaberdiyev, Meylis"]
[Black "Hong, Andrew"]
[WhiteFideId "14000563"]
[BlackFideId "2099438"]
[WhiteElo "2697"]
[BlackElo "2978"]
[Result "0-1"]
[Round "3"]
[TimeControl "180+1"]
[Date "2023.11.07"]
[WhiteClock "0:00:02"]
[BlackClock "0:00:11"]
[Board "15"]

1. e4 c5 2. Nf3 Nc6 3. Bb5 e6 4. O-O Nge7 5. d4 cxd4 6. Nxd4 Qb6 7. Nxc6 Qxb5 8. Nd4 Qa5 9. Na3 Nc6 10. Ndb5 Bxa3 11. Nxa3 O-O 12. Nc4 Qd8 13. Nd6 b6 14. b3 Qf6 15. Rb1 Ba6 16. c4 Qg6 17. Bb2 Na5 18. f4 Nb7 19. Rf3 f6 20. Rg3 Qh6 21. Nxb7 Bxb7 22. Qxd7 Rf7 23. Qxe6 Qxf4 24. e5 Qe4 25. Rd1 Qc2 26. Rf1 Qxb2 27. exf6 g6 28. h4 Qd4+ 29. Rf2 Qxh4 30. Rd3 Rf8 31. Rd7 Bc8 32. Qxf7+ Rxf7 33. Rd8+ Rf8 34. f7+ Kg7 35. Rxf8 Kxf8 0-1


[Site "https://www.chess.com"]

[Event "Titled Tuesday Blitz November 07 Late 2023"]
[White "Makarian, Rudik"]
[Black "Luczak, Filip"]
[WhiteFideId "44105681"]
[BlackFideId "1193686"]
[WhiteElo "2970"]
[BlackElo "2693"]
[Result "1-0"]
[Round "3"]
[TimeControl "180+1"]
[Date "2023.11.07"]
[WhiteClock "0:01:20"]
[BlackClock "0:01:05"]
[Board "16"]

1. d4 g6 2. c4 Bg7 3. Nc3 d6 4. e4 e5 5. d5 f5 6. exf5 gxf5 7. Qh5+ Kf8 8. Bd3 Nf6 9. Qd1 Na6 10. Nge2 Nc5 11. Bc2 a5 12. O-O Qe8 13. Kh1 Bd7 14. f3 Rg8 15. Be3 b6 16. Qd2 Qg6 17. g4 Bh8 18. Ng3 e4 19. gxf5 Bxf5 20. fxe4 Bh3 21. e5 Qg4 22. exf6 Bxf1 23. Rxf1 Qh3 24. Rf3 Re8 25. f7 Rxg3 26. fxe8=Q+ Kxe8 27. Rxg3 Qf1+ 28. Bg1 1-0


[Site "https://www.chess.com"]

[Event "Titled Tuesday Blitz November 07 Late 2023"]
[White "Kavutskiy, Konstantin"]
[Black "Sarana, Alexey"]
[WhiteFideId "2026384"]
[BlackFideId "24133795"]
[WhiteElo "2691"]
[BlackElo "2967"]
[Result "0-1"]
[Round "3"]
[TimeControl "180+1"]
[Date "2023.11.07"]
[WhiteClock "0:00:50"]
[BlackClock "0:01:17"]
[Board "17"]

1. d4 Nf6 2. c4 e6 3. Nf3 d5 4. Nc3 Nbd7 5. Bf4 Bb4 6. cxd5 Nxd5 7. Bd2 N5f6 8. a3 Bxc3 9. Bxc3 b6 10. e3 Bb7 11. Be2 O-O 12. O-O c5 13. dxc5 Nxc5 14. b4 Nce4 15. Bb2 Qe7 16. Rc1 Rfd8 17. Qb3 Bd5 18. Qa4 Ne8 19. Rfd1 N8d6 20. Nd4 Qh4 21. g3 Qh3 22. Bf1 Qh5 23. Bg2 Ng5 24. h4 Bxg2 25. Kxg2 Nge4 26. Nc6 Re8 27. f3 Nxg3 28. Rxd6 Nf5 29. Rd4 Nxd4 30. Nxd4 Qxh4 31. Qb5 e5 32. Ne2 Re6 33. Ng3 Rd8 34. Rc2 Rh6 35. Qxe5 Qh2+ 36. Kf1 Rd1# 0-1


[Site "https://www.chess.com"]

[Event "Titled Tuesday Blitz November 07 Late 2023"]
[White "Matlakov, Maxim"]
[Black "Leiva, Gianmarco"]
[WhiteFideId "4168003"]
[BlackFideId "3804399"]
[WhiteElo "2962"]
[BlackElo "2688"]
[Result "1-0"]
[Round "3"]
[TimeControl "180+1"]
[Date "2023.11.07"]
[WhiteClock "0:00:36"]
[BlackClock "0:00:02"]
[Board "18"]

1. d4 Nf6 2. c4 e6 3. Nc3 Bb4 4. e3 O-O 5. Bd3 d5 6. cxd5 exd5 7. a3 Bd6 8. Qc2 a6 9. Nge2 b6 10. b4 Bb7 11. Rb1 Nbd7 12. O-O Qe7 13. Ng3 g6 14. f3 a5 15. Nb5 axb4 16. Nxd6 Qxd6 17. axb4 h5 18. Ne2 Rfe8 19. Bd2 Ra3 20. b5 c5 21. bxc6 Qxc6 22. Bxg6 Qxc2 23. Bxc2 Ba6 24. Rf2 Ra2 25. Rc1 Rc8 26. Nc3 Ra3 27. Bf5 Kg7 28. e4 dxe4 29. fxe4 Rc4 30. e5 Ng4 31. Rf4 Nf8 32. h3 Nh6 33. Bd3 Rcxc3 34. Rxc3 Rxc3 35. Bxc3 Bxd3 36. d5 Bf5 37. e6+ f6 38. e7 Kf7 1-0


[Site "https://www.chess.com"]

[Event "Titled Tuesday Blitz November 07 Late 2023"]
[White "Zeltsan, Joseph"]
[Black "Sjugirov, Sanan"]
[WhiteFideId "30932980"]
[BlackFideId "4189302"]
[WhiteElo "2687"]
[BlackElo "2959"]
[Result "0-1"]
[Round "3"]
[TimeControl "180+1"]
[Date "2023.11.07"]
[WhiteClock "0:00:10"]
[BlackClock "0:00:03"]
[Board "19"]

1. e4 c5 2. Nf3 d6 3. d4 cxd4 4. Nxd4 Nf6 5. Nc3 a6 6. Bg5 e6 7. f4 Qb6 8. Qd2 Nc6 9. O-O-O Qxd4 10. Qxd4 Nxd4 11. Rxd4 h6 12. Bh4 Nh5 13. g3 g5 14. Be2 Nxf4 15. gxf4 gxh4 16. Rg1 Bd7 17. Bh5 Bc6 18. f5 Ke7 19. Rd3 Rh7 20. Rf3 b5 21. a3 a5 22. fxe6 fxe6 23. Rg8 b4 24. Bg6 Rg7 25. Rxg7+ Bxg7 26. Rf7+ Kd8 27. Rxg7 bxc3 28. bxc3 Rc8 29. Rh7 Bd7 30. Kb2 Rb8+ 31. Kc1 Rc8 32. Kb2 Rb8+ 33. Kc1 Rb5 34. Rxh6 Rc5 35. Rxh4 Rxc3 36. Kb2 Re3 37. Rf4 Rh3 38. Rf2 Kc7 39. Bf7 Rh6 40. Rg2 Rh7 41. Bg6 Rh4 42. Bf7 Rxe4 43. Kc3 Re3+ 44. Kb2 Kd8 45. h4 Ke7 46. Bg6 Rh3 47. h5 e5 48. Rf2 Be6 49. c3 d5 50. Kc2 e4 51. Rf1 Kd6 52. Kb3 d4+ 53. Ka4 Bd7+ 54. Kxa5 Rxc3 55. Kb4 Re3 56. h6 Rh3 57. h7 e3 58. Rf8 e2 0-1


[Site "https://www.chess.com"]

[Event "Titled Tuesday Blitz November 07 Late 2023"]
[White "Arifarsky"]
[Black "Aravindh, Chithambaram VR."]
[BlackFideId "5072786"]
[WhiteElo "2684"]
[BlackElo "2942"]
[Result "0-1"]
[Round "3"]
[TimeControl "180+1"]
[Date "2023.11.07"]
[WhiteClock "0:00:00"]
[BlackClock "0:00:07"]
[Board "20"]

1. d4 Nf6 2. Nf3 b6 3. c4 Bb7 4. Nc3 e6 5. a3 d5 6. Bg5 Be7 7. e3 Nbd7 8. Bd3 O-O 9. cxd5 exd5 10. Qc2 c5 11. O-O Re8 12. Rac1 g6 13. Bf4 c4 14. Be2 Nh5 15. Bh6 Ng7 16. Rfe1 a6 17. Rcd1 b5 18. Ne5 Nxe5 19. dxe5 Nf5 20. Bf4 d4 21. exd4 Nxd4 22. Qd2 Bc5 23. Be3 Nb3 24. Qxd8 Raxd8 25. Bxc5 Nxc5 26. f4 f6 27. exf6 Kf7 28. Rxd8 Rxd8 29. Rd1 Rxd1+ 30. Nxd1 Kxf6 31. g3 Be4 32. Kf2 Bd3 33. Ke3 Bxe2 34. Kxe2 Ke6 35. Kd2 Kd5 36. Kc3 a5 37. Nf2 Na4+ 38. Kc2 b4 39. axb4 axb4 40. Ng4 b3+ 41. Kc1 Nc5 42. Kd2 Kd4 43. Nf6 Nd3 44. Nxh7 Nxb2 45. Nf8 c3+ 46. Ke2 c2 47. Ne6+ Kc4 48. Kd2 Nd3 0-1


[Site "https://www.chess.com"]